 Dungeon Crawl Stone Soup version 0.25-a0-503-ge281fa673e (webtiles) character file.

Game seed: 1153069189032788905, levelgen mode: deterministic

955 Kohma the Chiller (level 7, 0/60 HPs)
             Began as a Red Draconian Ice Elementalist on Feb 13, 2020.
             Was a Believer of Nemelex Xobeh.
             Slain by a bullfrog zombie (3 damage)
             ... on level 5 of the Dungeon.
             The game lasted 00:10:16 (4453 turns).

Kohma the Chiller (Red Draconian Ice Elementalist)  Turns: 4453, Time: 00:10:17

Health: 0/60       AC:  6    Str: 10    XL:     7   Next: 91%
Magic:  8/13       EV: 12    Int: 17    God:    Nemelex Xobeh [**....]
Gold:   288        SH:  0    Dex: 12    Spells: 10/14 levels left

rFire    + . .     SeeInvis .   r - +0 spear (flame)
rCold    . . .     Gourm    .   (no shield)
rNeg     . . .     Faith    .   (armour unavailable)
rPois    .         Spirit   .   (helmet restricted)
rElec    .         Reflect  .   (no cloak)
rCorr    .         Harm     .   (no gloves)
MR       .....                  (no boots)
Stlth    ++........             (no amulet)
HPRegen  0.20/turn              (no ring)
MPRegen  0.13/turn              (no ring)

@: frozen ramparts
A: breathe fire, unfitting armour, fire resistance 1, cold-blooded, AC +6
a: Breathe Fire, Draw Escape, Draw Destruction, Draw Summoning, Renounce
Religion


You were on level 5 of the Dungeon.
You worshipped Nemelex Xobeh.
Nemelex Xobeh was pleased with you.
You were hungry.

You visited 1 branch of the dungeon, and saw 5 of its levels.

You collected 288 gold pieces.

Inventory:

Hand Weapons
 m - a +0 falchion of holy wrath
 r - a +0 spear of flaming (weapon)
 y - a +0 antimagic trident
Missiles
 q - a throwing net (quivered)
Magical Staves
 A - an uncursed staff of conjuration
Jewellery
 k - an uncursed ring of ice {unknown}
 t - an uncursed ring of stealth {unknown}
 z - an uncursed ring of see invisible {unknown}
Scrolls
 c - a scroll of fog {unknown}
 e - 4 scrolls of identify {unknown}
 f - 2 scrolls of immolation {unknown}
 g - 3 scrolls of remove curse {unknown}
 h - 4 scrolls of teleportation {unknown}
 i - 3 scrolls of enchant weapon {unknown}
 n - 2 scrolls of enchant armour {unknown}
 p - a scroll of blinking {unknown}
 s - a scroll of fear {unknown}
 C - a scroll of amnesia {unknown}
Potions
 a - a potion of mutation {unknown}
 d - a potion of berserk rage {unknown}
 j - 3 potions of haste {unknown}
 l - 2 potions of curing {unknown}
 o - a potion of flight {unknown}
 u - a potion of heal wounds {unknown}
 v - a potion of resistance {unknown}
 w - a potion of agility {unknown}
 x - a potion of lignification {unknown}
Comestibles
 b - 8 rations
 B - a chunk of flesh


   Skills:
 + Level 4.5 Fighting
 - Level 1.7 Dodging
 - Level 1.7 Stealth
 + Level 4.4 Spellcasting
 - Level 6.0 Ice Magic
 * Level 2.7 Invocations


You had 10 spell levels left.
You knew the following spells:

 Your Spells              Type           Power        Failure   Level  Hunger
a - Freeze                Ice            ###.         1%          1    None
b - Frozen Ramparts       Ice            ###...       3%          3    ###....

Your spell library contained the following spells:

 Spells                   Type           Power        Failure   Level  Hunger
 Ozocubu's Armour         Chrm/Ice       ##......     13%         3    ###....
 Hailstorm                Conj/Ice       ##......     41%         4    ####...
 Summon Ice Beast         Ice/Summ       ##......     41%         4    ####...


Dungeon Overview and Level Annotations

Branches:
Dungeon (5/15)
 Temple: D:4-7

Altars:
Elyvilon
Nemelex Xobeh
Trog


Innate Abilities, Weirdness & Mutations

You can breathe blasts of fire.
Your fiery red scales are hard. (AC +6)
You cannot fit into any form of body armour.
Your flesh is heat resistant. (rF+)
You are cold-blooded and may be slowed by cold attacks.


Message History

The centaur hits you.
* * * LOW HITPOINT WARNING * * *
The bullfrog zombie hits you.
* * * LOW HITPOINT WARNING * * *
Casting: Frozen Ramparts (safe; 3% risk of failure)
Confirm with . or Enter, or press ? or * to list all spells.
The walls around you are covered in icicles.
The walls release a blast of icicles at the centaur!
The centaur is encased in ice.
The centaur misses you.
The wall releases a blast of icicles at the bullfrog zombie!
The bullfrog zombie is encased in ice.
The bullfrog zombie barely misses you.
Okay, then.
You draw a card...
You have drawn Velocity.
The centaur seems to slow down.
The bullfrog zombie seems to slow down.
The walls release a blast of icicles at the centaur!
The centaur misses you.
The wall releases a blast of icicles at the bullfrog zombie!
The bullfrog zombie partially resists.
The bullfrog zombie hits you.
You die...
Your body glows slightly and disappears.

#......#...##.# . ##
##..#...########
..##.###........##
.......#.........#
................##
............#...#
.......#(((###.....
.......((...##.....
......c.(#@.##(.....
......#..#cZ...?....
....####.(.........
..# ##..#...... .
...#......
.....<.....
##..........
#..........
.#.........


You could see a centaur and a bullfrog zombie.

Vanquished Creatures
  Grinder (D:4)
  Eustachio (D:4)
  A phantom (D:4)
  A howler monkey (D:4)
  A hound (D:5)
  An iguana (D:4)
  A worker ant (D:4)
  3 adders
  5 gnolls
  An ooze (D:4)
  2 worms
  2 dart slugs
  2 leopard geckos (D:2)
  3 orcs
  3 giant cockroaches
  10 goblins
  8 hobgoblins
  2 jackals (D:4)
  2 quokkas
  A ball python (D:2)
  9 bats
  5 frilled lizards
  5 kobolds
  A quokka skeleton (D:4)
  23 rats
94 creatures vanquished.

Vanquished Creatures (others)
  An ogre (D:4)
  2 eyes of draining (D:4)
3 creatures vanquished.

Grand Total: 97 creatures vanquished

Notes
Turn   | Place    | Note
-------+----------+-------------------------------------------
     0 | D:1      | Kohma the Draconian Ice Elementalist began the quest for
                  | the Orb.
     0 | D:1      | Reached XP level 1. HP: 14/14 MP: 3/3
   141 | D:1      | Reached XP level 2. HP: 9/22 MP: 0/5
   405 | D:1      | Reached skill level 1 in Fighting
   468 | D:1      | Found a sparkling altar of Nemelex Xobeh.
   595 | D:1      | Became a worshipper of Nemelex Xobeh the Trickster
   678 | D:1      | Reached XP level 3. HP: 28/28 MP: 4/6
   683 | D:1      | Learned a level 3 spell: Frozen Ramparts
   729 | D:1      | You fall into a shaft and drop 1 floor!
  1022 | D:2      | Received a gift from Nemelex Xobeh
  1507 | D:2      | Reached XP level 4. HP: 22/36 MP: 2/7
  1507 | D:2      | Reached skill level 5 in Ice Magic
  2011 | D:3      | Reached * piety under Nemelex Xobeh
  2085 | D:3      | Received a gift from Nemelex Xobeh
  2405 | D:3      | Found a white marble altar of Elyvilon.
  2573 | D:3      | Reached XP level 5. HP: 40/41 MP: 5/9
  2766 | D:4      | Noticed an eye of draining
  2767 | D:4      | Found a bloodstained altar of Trog.
  2767 | D:4      | Noticed an eye of draining
  2771 | D:4      | Noticed an ogre
  2783 | D:4      | Killed an eye of draining
  2784 | D:4      | Killed an ogre
  2784 | D:4      | Reached skill level 6 in Ice Magic
  2784 | D:4      | Reached XP level 6. HP: 49/51 MP: 6/11
  3042 | D:4      | Noticed Grinder
  3047 | D:4      | Killed Grinder
  3047 | D:4      | Reached skill level 7 in Ice Magic
  3047 | D:4      | Your scales start taking on a fiery red colour.
  3047 | D:4      | Reduced skill Ice Magic to level 5
  3047 | D:4      | Reached XP level 7. HP: 59/59 MP: 4/13
  3047 | D:4      | Gained mutation: Your flesh is heat resistant. (rF+) [Red
                  | Draconian growth]
  3118 | D:4      | Reached ** piety under Nemelex Xobeh
  3364 | D:4      | Noticed Eustachio
  3374 | D:4      | Killed Eustachio
  3374 | D:4      | Reached skill level 6 in Ice Magic
  3374 | D:4      | Reached skill level 1 in Invocations
  3557 | D:4      | Noticed Blork the orc
  3573 | D:4      | Noticed Blork
  3573 | D:4      | Blork the orc changed into Blork the ooze
  3581 | D:4      | Killed Blork the ooze
  4408 | D:5      | Entered Level 5 of the Dungeon
  4432 | D:5      | Received a gift from Nemelex Xobeh
  4451 | D:5      | HP: 2/60 [bullfrog zombie (5)]
  4453 | D:5      | Slain by a bullfrog zombie

Levels and vault maps discovered:
D:1:      erik_arrival_orb_chamber, layout_rooms,
          nemelex_xobeh_ov_fountains_minmay
D:2:      minmay_general_purpose_star, layout_loops_cross,
          grunt_decor_one_mirror
D:3:      minmay_evil_eye, layout_basic, lemuel_statue_altar
D:4:      layout_basic, trog_eyes_of_draining, first_ration, minivault_23,
          uniq_eustachio, uniq_grinder, uniq_blork_the_orc
D:5:      layout_cave_pools, lemuel_zombie_altar_yredelemnul,
          nicolae_overflow_hidden_temple

Skill      XL: |  1  2  3  4  5  6  7 |
---------------+----------------------+-----
Fighting       | 1 2 3 4 |  4.5
Ice Magic      | 5 6 5 6 |  6.0
Spellcasting   | 3 4 |  4.4
Invocations    | 2 |  2.7
Dodging        | |  1.7
Stealth        | |  1.7

Action                   |  1- 3 |  4- 6 |  7- 9 || total
-------------------------+-------+-------+-------++-------
Melee: Unarmed           |    26 |       |       ||    26
       Tailslap          |     6 |     5 |     6 ||    17
       Dagger            |    36 |     6 |       ||    42
       Spear             |       |    27 |    42 ||    69
       Trident           |       |    16 |       ||    16
       Falchion          |       |       |     6 ||     6
 Cast: Freeze            |    56 |     3 |     3 ||    62
       Frozen Ramparts   |     2 |    13 |    12 ||    27
 Abil: Draw Destruction  |       |     2 |     2 ||     4
       Draw Escape       |       |       |     1 ||     1
 Stab: Sleeping          |       |     1 |       ||     1
  Eat: Chunk             |     2 |     7 |     5 ||    14
Armor: Skin              |    36 |    14 |    13 ||    63
Dodge: Dodged            |    76 |    38 |    35 ||   149
       Rpst.: Falchion   |       |       |     1 ||     1

Table legend:
 A = Non-vault XP
 B = Vault XP
 C = Vault XP percentage of total XP
 D = Non-vault monster count
 E = Vault monster count
 F = Vault count percentage of total count
                 A         B        C        D         E       F
            +---------+---------+-------+---------+---------+-------
      Total |     594 |     771 |  56.5 |      74 |      23 |  23.7
            +---------+---------+-------+---------+---------+-------
        D:1 |      30 |      12 |  28.6 |      20 |      12 |  37.5
        D:2 |      90 |       7 |   7.2 |      23 |       3 |  11.5
        D:3 |      49 |      14 |  22.2 |      19 |       1 |   5.0
        D:4 |     385 |     738 |  65.7 |      11 |       7 |  38.9
        D:5 |      40 |       0 |   0.0 |       1 |       0 |   0.0
            +---------+---------+-------+---------+---------+-------
